 Dungeon Sprint DCSS version 0.30-a0-39-g42789b21ef (webtiles) character file.

Game seed: 10037975779718790085

1966 mhtbhm the Basher (level 9, -1/133 HPs)
             Began as a Minotaur Fighter on Aug 28, 2022.
             Was an Initiate of Gozag.
             Slain by Erolcha
             ... wielding a +0 giant club
              (4 damage)
             ... in the Dungeon (Sprint III: "The Ten Rune Challenge").
             The game lasted 00:03:23 (2081 turns).

mhtbhm the Basher (Minotaur Fighter)                Turns: 2081, Time: 00:03:24

Health: -1/133     AC: 24    Str: 25    XL:     9   Next: 0%
Magic:  8/8        EV:  2    Int:  5    God:    Gozag
Gold:   108        SH:  6    Dex: 10    Spells: 8/8 levels left

rFire   + . .      SeeInvis .    a - +0 flail
rCold   + . .      Faith    .    c - +0 buckler
rNeg    . . .      Spirit   .    (body armour currently unavailable)
rPois   +          Reflect  .    (helmet currently unavailable)
rElec   +          Harm     .    (cloak currently unavailable)
rCorr   +          Rampage  .    (gloves currently unavailable)
Will    .....      Rage     3%   (boots currently unavailable)
Stlth   +......... NoTele   +    (no amulet)
HPRegen 0.32/turn                (no ring)
MPRegen 0.11/turn                (no ring)

@: mighty, tree-form, resistant, gold aura
A: stationary, stasis, torment immunity, boosted hp, (horns 2), (retaliatory
headbutt), berserk 1, (deformed body), deterioration 1, subdued magic 1, noise
suppression
a: End Transformation, Renounce Religion, Potion Petition, Call Merchant, Bribe
Branch


You were in the Dungeon.
You worshipped Gozag.
Gozag was aware of your devotion.
You were a tree.
You visited 1 branch You collected 918 gold pieces.
You paid 810 gold pieces to Gozag.

Inventory:

Hand Weapons
 a - a +0 flail (weapon)
Armour
 b - a +0 scale mail (melded)
 c - a +0 buckler (worn)
Scrolls
 f - a scroll of immolation {unknown}
 j - a scroll of blinking
 k - a scroll of identify {unknown}
 m - 2 scrolls of poison {unknown}
Potions
 g - a potion of haste
 h - 2 potions of magic
 l - 4 potions of flight
 n - a potion of cancellation {unknown}
Miscellaneous
 o - a tin of tremorstones (2/2)


   Skills:
 + Level 11.6 Fighting
 + Level 13.9 Maces & Flails
 + Level 13.4 Armour
 + Level 3.2 Dodging
 + Level 1.0 Stealth
 + Level 10.0 Shields
 + Level 1.0 Evocations


You had 8 spell levels left.
You didn't know any spells.
Your spell library contained the following spells:

 Spells                   Type           Power      Damage    Failure   Level
 Gell's Gravitas          Tloc           0%         N/A       86%         3
 Teleport Other           Tloc           0%         N/A       86%         3
 Dispersal                Tloc           0%         N/A       100%        6


Dungeon Overview and Level Annotations

Branches:
Dungeon (1/1)

Altars:
Cheibriados
Dithmenos
Elyvilon
Fedhas
Gozag
Hepliaklqana
Kikubaaqudgha
Makhleb
Nemelex Xobeh
Okawaru
Qazlal
Ru
Sif Muna
Trog
Uskayaw
Vehumet
Wu Jian
Xom
Yredelemnul
Zin
The Shining One
Jiyva
Lugonu

Annotations:
D Erolcha


Innate Abilities, Weirdness & Mutations

You are a tree.
Your roots penetrate the ground, keeping you stationary.
You cannot be teleported.
You are immune to unholy pain and torment.
Your maximum health is greatly increased.
Your equipment is partially melded.
((You have a pair of horns on your head.))
((You reflexively headbutt those who attack you in melee.))
You sometimes lose your temper in combat.
((Armour fits poorly on your strangely shaped body.))
Your body sometimes deteriorates upon taking damage.
Your spells are a little easier to cast, but a little less powerful.
You passively dampen the noise of your surroundings.


Message History

Your experience leads to an increase in your attributes!
Increase (S)trength, (I)ntelligence, or (D)exterity?
You feel stronger. x2
You cannot move.
You cannot move.
You hit something. Something hits you but does no damage.
You hit something. You completely miss something. Something hits you!
* * * LOW HITPOINT WARNING * * *
You closely miss something.
You cannot move.
You cannot move.
You cannot move.
You cannot move.
You start resting.
Something hits you.
* * * LOW HITPOINT WARNING * * *
You are too injured to fight recklessly!
You are too injured to fight recklessly!
You are too injured to fight recklessly!
Okay, then.
You can't see anything, release a tremorstone anyway?
You cannot move.
You cannot move.
Something hits you but does no damage.
Unknown command.
You cannot move.
You cannot move.
You cannot move.
You cannot move.
You cannot move.
You hit something. You completely miss something. Something hits you!
* * * LOW HITPOINT WARNING * * *
You miss something.
Unknown command.
You cannot move.
Okay, then.
You thump something! Something hits you.
You die...
Your body crumbles into a pile of gold. ####$$ $$ $ #__# $ $ $ $$ #._# $ #)##$$ $ ...#$ ...# $$ $$$$

$ ##'#$ $ $$
...#+##############
...#...)#.#.#...♣{#
...##.#).#.##.###$#
...'##.#.#.##.#..##
...#.).#..#..##..
▓▓▓▓▓▓▓▓▓▓▓▓▓▓▓▓▓


There were no monsters in sight!

Vanquished Creatures
  A deep elf pyromancer (D)
  A shadow (D)
  A spatial vortex (D)
  5 two-headed ogres (D)
  A necrophage (D)
  A water elemental (D)
  A jelly (D)
  A wizard (D)
  Jessica (D)
  A necromancer (D)
  3 humans (D)
  A kobold demonologist (D)
  A phantom (D)
  2 rats (D)
21 creatures vanquished.

Notes
Turn   | Place    | Note
-------+----------+-------------------------------------------
     0 | D        | mhtbhm the Minotaur Fighter began the quest for the Orb.
     0 | D        | Reached XP level 1. HP: 19/19 MP: 0/0
    58 | D        | Noticed Jessica
    62 | D        | Killed Jessica
    63 | D        | Reached skill level 5 in Fighting
    63 | D        | Reached skill level 5 in Armour
    63 | D        | Reached skill level 5 in Shields
    63 | D        | Reached XP level 2. HP: 29/29 MP: 1/1
   194 | D        | Reached XP level 3. HP: 5/37 MP: 2/2
   481 | D        | Gained mutation: Your body sometimes deteriorates upon
                  | taking damage. [potion of mutation]
   481 | D        | Gained mutation: Your body often deteriorates upon taking
                  | damage. [potion of mutation]
   482 | D        | Lost mutation: Your body often deteriorates upon taking
                  | damage. [potion of mutation]
   482 | D        | Lost mutation: Your body sometimes deteriorates upon taking
                  | damage. [potion of mutation]
   482 | D        | Gained mutation: Your natural rate of healing is unusually
                  | fast. [potion of mutation]
   482 | D        | Gained mutation: Your body sometimes deteriorates upon
                  | taking damage. [potion of mutation]
   482 | D        | Gained mutation: You are agile. (Dex +4, Str/Int -1)
                  | [potion of mutation]
   482 | D        | Gained mutation: You are partially covered in iridescent
                  | scales. (AC +2) [potion of mutation]
   483 | D        | Lost mutation: Your body sometimes deteriorates upon taking
                  | damage. [potion of mutation]
   483 | D        | Lost mutation: You are agile. (Dex +4, Str/Int -1) [potion
                  | of mutation]
   483 | D        | Gained mutation: You passively dampen the noise of your
                  | surroundings. [potion of mutation]
   483 | D        | Gained mutation: Your spells are a little easier to cast,
                  | but a little less powerful. [potion of mutation]
   483 | D        | Gained mutation: Your body sometimes deteriorates upon
                  | taking damage. [potion of mutation]
   484 | D        | Lost mutation: You are partially covered in iridescent
                  | scales. (AC +2) [potion of mutation]
   484 | D        | Lost mutation: Your natural rate of healing is unusually
                  | fast. [potion of mutation]
   484 | D        | Gained mutation: You sometimes lose your temper in combat.
                  | [potion of mutation]
   484 | D        | Gained mutation: Armour fits poorly on your strangely
                  | shaped body. [potion of mutation]
   502 | D        | Noticed a water elemental
   506 | D        | Killed a water elemental
   507 | D        | Reached skill level 5 in Maces & Flails
   507 | D        | Reached XP level 4. HP: 23/47 MP: 3/3
   711 | D        | Found a basalt altar of Yredelemnul.
   711 | D        | Found a shadowy altar of Dithmenos.
   711 | D        | Found a sacrificial altar of Ru.
   711 | D        | Noticed a necrophage
   721 | D        | Killed a necrophage
   722 | D        | Reached XP level 5. HP: 17/53 MP: 4/4
   951 | D        | Noticed a shadow
   960 | D        | Killed a shadow
   961 | D        | Reached skill level 1 in Dodging
   961 | D        | Reached XP level 6. HP: 22/63 MP: 5/5
  1192 | D        | Found a blossoming altar of Fedhas.
  1192 | D        | Found a stormy altar of Qazlal.
  1192 | D        | Found a snail-covered altar of Cheibriados.
  1192 | D        | Found a burning altar of Makhleb.
  1192 | D        | Found a shimmering altar of Xom.
  1193 | D        | Found a hazy altar of Hepliaklqana.
  1193 | D        | Found an opulent altar of Gozag.
  1193 | D        | Found a sparkling altar of Nemelex Xobeh.
  1193 | D        | Found a corrupted altar of Lugonu.
  1193 | D        | Found a viscous altar of Jiyva.
  1193 | D        | Noticed a spatial vortex
  1197 | D        | Became a worshipper of Gozag Ym Sagoz the Greedy
  1229 | D        | Found a radiant altar of Vehumet.
  1229 | D        | Found a shimmering blue altar of Sif Muna.
  1229 | D        | Found an ancient bone altar of Kikubaaqudgha.
  1249 | D        | Found a glowing silver altar of Zin.
  1250 | D        | Found a glowing golden altar of the Shining One.
  1250 | D        | Found a white marble altar of Elyvilon.
  1250 | D        | Noticed a deep elf pyromancer
  1258 | D        | Killed a deep elf pyromancer
  1259 | D        | Reached skill level 10 in Fighting
  1259 | D        | Reached XP level 7. HP: 24/73 MP: 6/6
  1483 | D        | Found a hide-covered altar of Uskayaw.
  1483 | D        | Found an iron altar of Okawaru.
  1483 | D        | Found a bloodstained altar of Trog.
  1483 | D        | Found an ornate altar of the Wu Jian Council.
  1483 | D        | Noticed a human
  1483 | D        | Noticed a human
  1500 | D        | Killed a human
  1504 | D        | Killed a human
  1505 | D        | Reached XP level 8. HP: 53/81 MP: 7/7
  1734 | D        | Noticed a two-headed ogre
  1744 | D        | Killed a two-headed ogre
  2059 | D        | Noticed Erolcha
  2059 | D        | Noticed a two-headed ogre
  2071 | D        | Killed a two-headed ogre
  2072 | D        | Reached skill level 1 in Stealth
  2072 | D        | Reached skill level 10 in Shields
  2072 | D        | Reached skill level 1 in Evocations
  2072 | D        | Reached XP level 9. HP: 40/89 MP: 8/8
  2079 | D        | HP: 3/133 [something (17)]
  2081 | D        | Slain by Erolcha

Illustrated notes

Levels and vault maps discovered:
D:        dungeon_sprint_mu [sprint_mu_entry_forest, sprint_mu_temple_rooms,
          sprint_mu_d1_spiders, sprint_mu_d2_genie, sprint_mu_d3_branching,
          sprint_mu_orc_legion, sprint_mu_elf_gauntlet, sprint_mu_hive_nellie,
          sprint_mu_lair_fedhas, sprint_mu_vaults_butterflies,
          sprint_mu_slime_circle, sprint_mu_shoals_archi,
          sprint_mu_snake_twists, sprint_mu_blade_basic,
          sprint_mu_crypt_chambers, sprint_mu_tomb_spiral,
          sprint_mu_vestibule_basic, sprint_mu_gehenna_hellfire,
          sprint_mu_dis_giant, sprint_mu_tartarus_statrot,
          sprint_mu_cocytus_islands, sprint_mu_zot1]

Skill      XL: |  1  2  3  4  5  6  7  8 |
---------------+-------------------------+-----
Fighting       | 5 7 8 9 10 11 | 11.6
Maces & Flails | 3 4 5 6 8 11 12 13 | 13.9
Armour         | 5 6 8 9 11 13 | 13.4
Shields        | 5 6 7 9 10 | 10.0
Dodging        | 1 2 3 |  3.2
Stealth        | 1 |  1.0
Evocations     | 1 |  1.0

Action                   |  1- 3 |  4- 6 |  7- 9 || total
-------------------------+-------+-------+-------++-------
Melee: Flail             |    19 |    32 |    51 ||   102
       Headbutt          |     3 |     6 |     6 ||    15
Invok: Potion Petition   |       |       |     1 ||     1
Evoke: Tin of tremorston |       |       |     4 ||     4
  Use: Potion            |     5 |     1 |     4 ||    10
Armor: Scale mail        |     3 |     4 |     3 ||    10
       Skin              |       |       |     4 ||     4
Dodge: Dodged            |     5 |     9 |    14 ||    28
Block: Buckler           |     5 |     8 |    12 ||    25

Table legend: (Time is in decaauts)
 A = Elapsed time spent in this place.
 B = Non-inter-level travel time spent in this place.
 C = Inter-level travel time spent in this place.
 D = Time resting spent in this place.
 E = Time spent auto-exploring this place.
 F = Levels seen in this place.
 G = Mean time per level.
                   A        B        C        D        E       F      G
               +--------+--------+--------+--------+--------+-----+--------+
         Total |   2113 |   2113 |      0 |   1696 |     54 |   1 | 2113.0 |
       Dungeon |   2113 |   2113 |      0 |   1696 |     54 |   1 | 2113.0 |
               +--------+--------+--------+--------+--------+-----+--------+

Top non-repeatable levels by time:
       D: 2113 daAuts
